[Event "Niedersachsen Jubilaeumsturnier Open A 2"]
[Site "Wolfsburg"]
[Date "2024.11.16"]
[Round "2.22"]
[White "Beckmann, Jonathan"]
[Black "Wusterack, Paul"]
[Result "0-1"]
[ECO "E93"]
[WhiteElo "1860"]
[BlackElo "1891"]
[Annotator "NA"]
[PlyCount "120"]
[EventDate "2024.11.15"]
[EventCountry "GER"]
[SourceTitle "playchess.com"]
[Source "ChessBase"]
[SourceQuality "1"]
[TimeControl "5400+30"]

1. d4 Nf6 2. c4 g6 3. Nc3 Bg7 4. e4 d6 5. Nf3 O-O 6. h3 e5 7. d5 Na6 8. Be3 b6 9. g4 Nc5 10. Qc2 a5 11. Be2 Bd7 12. Nd2 Ne8 13. g5 f5 14. O-O-O f4 15. Bxc5 dxc5 16. h4 Nd6 17. Rdg1 Kf7 18. Bg4 Bxg4 19. Rxg4 Qd7 20. Rgg1 Rh8 21. b3 h5 22. gxh6 Rxh6 23. Nf3 Bf6 24. Ne2 Rh5 25. Nxf4 exf4 26. e5 Qf5 27. exf6 Qxc2+ 28. Kxc2 Kxf6 29. Ng5 Nf5 30. Ne6 Rxh4 31. Rxh4 Nxh4 32. Nxc7 Rg8 33. Ne6 Nf3 34. Rh1 g5 35. Kd3 Kf5 36. Rh7 Ne5+ 37. Ke2 g4 38. Rh5+ Ke4 39. Ng5+ Kd4 40. Ne6+ Ke4 41. Rg5 f3+ 42. Kf1 Rxg5 43. Nxg5+ Kd3 44. d6 Kc2 45. Ne4 Nd7 46. Kg1 Kb2 47. Kh2 Kxa2 48. Nd2 Kb2 49. Kg3 Kc3 50. Ne4+ Kxb3 51. Kxg4 Kxc4 52. Kxf3 a4 53. Nd2+ Kd5 54. Ke3 Kxd6 55. Kd3 Kd5 56. Kc3 b5 57. f4 Nf6 58. Nb1 Ke4 59. Kb2 b4 60. Nd2+ Kxf4 0-1

[Event "Niedersachsen Jubilaeumsturnier Open A 2"]
[Site "Wolfsburg"]
[Date "2024.11.16"]
[Round "2.24"]
[White "Prahl, Niklas"]
[Black "Alpers, Arne"]
[Result "1/2-1/2"]
[ECO "B21"]
[WhiteElo "1848"]
[BlackElo "1885"]
[Annotator "NA"]
[PlyCount "113"]
[EventDate "2024.11.15"]
[EventCountry "GER"]
[SourceTitle "playchess.com"]
[Source "ChessBase"]
[SourceQuality "1"]
[TimeControl "5400+30"]

1. e4 c5 2. d4 cxd4 3. c3 dxc3 4. Nxc3 Nc6 5. Nf3 e6 6. Bc4 Bb4 7. O-O Nge7 8. Nb5 a6 9. Nd6+ Bxd6 10. Qxd6 Ng6 11. Rd1 Qe7 12. Qc7 O-O 13. Bg5 f6 14. Be3 d5 15. Qxe7 Ngxe7 16. exd5 Na5 17. Bc5 Re8 18. Bxe7 Rxe7 19. d6 Re8 20. d7 Bxd7 21. Rxd7 Nxc4 22. Rxb7 Red8 23. g3 e5 24. Rc1 Rac8 25. Nh4 Na5 26. Rxc8 Rxc8 27. Ra7 Rc1+ 28. Kg2 Rc2 29. Rxa6 Nc4 30. b4 Ne3+ 31. Kf3 Nd1 32. Ra3 Rxf2+ 33. Ke4 Rxh2 34. Kd3 Rb2 35. Kc4 e4 36. b5 e3 37. Rb3 e2 38. Nf3 Rxa2 39. b6 Ra8 40. b7 Rb8 41. Kd3 Nf2+ 42. Ke3 Ng4+ 43. Kxe2 Kf7 44. Nd4 Ne5 45. Rb5 Ke8 46. Ne6 Kd7 47. Nxg7 Kc6 48. Rb4 Rxb7 49. Rxb7 Kxb7 50. Ke3 Kc6 51. Ke4 Kd6 52. Kf5 Ke7 53. Nh5 Nd7 54. g4 h6 55. Kg6 Ne5+ 56. Kxh6 Nxg4+ 57. Kg6 1/2-1/2

[Event "Niedersachsen Jubilaeumsturnier Open A 2"]
[Site "Wolfsburg"]
[Date "2024.11.16"]
[Round "2.25"]
[White "Kozik, Andreas"]
[Black "Shevchenko, Igor"]
[Result "1-0"]
[ECO "D02"]
[WhiteElo "1884"]
[BlackElo "2105"]
[Annotator "ChessBase"]
[PlyCount "59"]
[EventDate "2024.11.15"]
[EventCountry "GER"]
[SourceTitle "playchess.com"]
[Source "ChessBase"]
[SourceQuality "1"]
[TimeControl "5400+30"]

1. d4 Nf6 2. Nf3 e6 3. Bf4 d5 4. e3 Nbd7 5. Nbd2 Be7 6. Ne5 Nxe5 7. dxe5 Nd7 8. h4 c6 9. Qg4 g6 10. O-O-O f5 11. Qg3 Nc5 12. Bg5 b5 13. f4 Qa5 14. Bxe7 Kxe7 15. Kb1 Bb7 16. h5 Rag8 17. hxg6 Rxg6 18. Rxh7+ Rxh7 19. Qxg6 Rh1 20. Nf3 Ba6 21. Be2 Rxd1+ 22. Bxd1 Qb4 23. Qg7+ Ke8 24. a3 Qc4 25. Nd2 Qa4 26. Bh5+ Kd8 27. Qf8+ Kc7 28. Qxc5 Qa5 29. Nb3 Qe1+ 30. Ka2 1-0